 Dungeon Crawl Stone Soup version 0.25-a0-632-g7713895373 (webtiles) character file.

Game seed: 6982588684136873481, levelgen mode: deterministic

1484 Emblim88 the Shield-Bearer (level 8, -7/67 HPs)
             Began as a Gnoll Fighter on Mar 19, 2020.
             Mangled by an orc warrior
             ... wielding a +0 mace
              (10 damage)
             ... on level 6 of the Dungeon.
             The game lasted 00:07:25 (5458 turns).

Emblim88 the Shield-Bearer (Gnoll Fighter)          Turns: 5458, Time: 00:07:26

Health: -7/67      AC: 14    Str: 20    XL:     8   Next: 79%
Magic:  13/13      EV:  4    Int: 11    God:
Gold:   276        SH: 16    Dex: 15    Spells: 14/14 levels left

rFire    . . .     SeeInvis .   d - +2 hand axe of Mayhem {vorpal, Stlth+}
rCold    . . .     Gourm    .   y - +0 tower shield
rNeg     . . .     Faith    .   s - +0 plate armour
rPois    .         Spirit   .   n - +0 helmet
rElec    .         Reflect  .   (no cloak)
rCorr    .         Harm     .   (no gloves)
MR       .....                  (no boots)
Stlth    ..........             (no amulet)
HPRegen  0.21/turn              (no ring)
MPRegen  0.13/turn              (no ring)

@: no status effects
A: distributed training, fangs 1, strong nose
a: no special abilities


You were on level 6 of the Dungeon.
You were not hungry.

You visited 1 branch of the dungeon, and saw 6 of its levels.

You collected 276 gold pieces.

Inventory:

Hand Weapons
 a - a +0 flail
 d - the +2 hand axe of Mayhem (weapon) {vorpal, Stlth+}
   (You found it on level 4 of the Dungeon)

   It inflicts extra damage upon your enemies.
   It makes you more stealthy.
 h - a +0 whip of electrocution
 k - a +2 short sword of speed
Missiles
 j - 207 stones (quivered)
 q - 25 poisoned darts
 u - 6 boomerangs
Armour
 b - a +0 scale mail
 c - a +0 kite shield
 n - a +0 helmet (worn)
 s - a +0 plate armour (worn)
 y - a +0 tower shield (worn)
Wands
 p - a wand of polymorph (6)
 z - a wand of paralysis (11)
Scrolls
 e - 5 scrolls of teleportation {unknown}
 g - 3 scrolls of identify {unknown}
 l - 4 scrolls of remove curse {unknown}
 m - 4 scrolls of amnesia {unknown}
 o - a scroll of blinking {unknown}
 t - a scroll of enchant weapon {unknown}
 w - a scroll of magic mapping {unknown}
Potions
 i - 2 potions of degeneration {unknown}
 r - a potion of heal wounds {unknown}
 v - a potion of stabbing {unknown}
 x - 2 potions of magic {unknown}
 A - a potion of flight {unknown}
Comestibles
 f - 5 rations
 B - 4 chunks of flesh


   Skills:
 + Level 7.5 Fighting
 + Level 3.5 Short Blades
 + Level 3.5 Long Blades
 + Level 3.5 Axes
 + Level 5.8 Maces & Flails
 + Level 3.5 Polearms
 + Level 3.5 Staves
 + Level 3.5 Slings
 + Level 3.5 Bows
 + Level 3.5 Crossbows
 + Level 3.5 Throwing
 + Level 7.5 Armour
 + Level 3.5 Dodging
 + Level 3.5 Stealth
 + Level 7.5 Shields
 + Level 3.5 Unarmed Combat
 + Level 3.5 Spellcasting
 + Level 2.9 Conjurations
 + Level 2.9 Hexes
 + Level 2.9 Charms
 + Level 2.9 Summonings
 + Level 2.9 Necromancy
 + Level 2.9 Translocations
 + Level 2.9 Transmutations
 + Level 2.9 Fire Magic
 + Level 2.9 Ice Magic
 + Level 2.9 Air Magic
 + Level 2.9 Earth Magic
 + Level 2.9 Poison Magic
 + Level 3.9 Invocations
 + Level 3.5 Evocations


You had 14 spell levels left.
You didn't know any spells.
Your spell library was empty.

Dungeon Overview and Level Annotations

Branches:
Dungeon (6/15)
 Temple: D:4-7

Altars:
Ru


Innate Abilities, Weirdness & Mutations

Your experience applies equally to all skills.
You have very sharp teeth.
Your uncanny sense of smell can sniff out nearby items.


Message History

The orc warrior is heavily wounded.
The orc warrior hits you but does no damage.
You hit the orc warrior. Your bite misses the orc warrior.
The orc warrior is severely wounded.
You block the orc warrior's attack.
You hit the orc warrior.
The orc warrior is severely wounded.
You block the orc warrior's attack.
You hit the orc warrior.
The orc warrior is severely wounded.
The orc warrior hits you with a +0 mace!
* * * LOW HITPOINT WARNING * * *
Your shield and plate armour prevent you from hitting the orc warrior.
You bite the orc warrior.
The orc warrior is almost dead.
The orc priest calls down the wrath of Beogh upon you.
Beogh smites you!
* * * LOW HITPOINT WARNING * * *
The orc warrior hits you with a +0 mace!
You die...

#.# #.# #.#
#<# ..# #.#
#.#
#.##########
#..........#
########.##.#
........)...#
..###..#.#@#
#.)#.#o#
#..###o#
..... ...
###..#.#..
#..#.#.#.
#..# #.#.
.... ..#..
#..#


You could see an orc warrior and an orc priest.

Vanquished Creatures
  3 sky beasts (D:5)
  An ice beast (D:6)
  3 ogres
  2 scorpions
  5 wights (D:4)
  2 hounds (D:4)
  2 orc priests (D:4)
  3 orc wizards (D:4)
  2 bullfrog skeletons
  2 worker ants
  A hound skeleton (D:4)
  9 adders
  A shadow imp (D:5)
  An ooze (D:2)
  An adder skeleton (D:4)
  5 worms
  4 dart slugs
  3 leopard geckos
  10 orcs
  A ball python (D:4)
  5 bats
  8 giant cockroaches
  7 hobgoblins
  13 jackals
  4 quokkas
  3 frilled lizards
  A giant cockroach zombie (D:5)
  10 goblins
  11 kobolds
  A leopard gecko skeleton (D:4)
  2 quokka skeletons (D:4)
  9 rats
135 creatures vanquished.

Vanquished Creatures (others)
  An orc wizard (D:4)
1 creature vanquished.

Grand Total: 136 creatures vanquished

Notes
Turn   | Place    | Note
-------+----------+-------------------------------------------
     0 | D:1      | Emblim88 the Gnoll Fighter began the quest for the Orb.
     0 | D:1      | Reached XP level 1. HP: 23/23 MP: 1/1
    47 | D:1      | Reached XP level 2. HP: 27/29 MP: 2/2
   209 | D:1      | Reached XP level 3. HP: 29/35 MP: 3/3
   735 | D:2      | Reached skill level 1 in Invocations
   805 | D:2      | Reached skill level 1 in Short Blades
   805 | D:2      | Reached skill level 1 in Long Blades
   805 | D:2      | Reached skill level 1 in Axes
   805 | D:2      | Reached skill level 1 in Polearms
   805 | D:2      | Reached skill level 1 in Staves
   805 | D:2      | Reached skill level 1 in Slings
   805 | D:2      | Reached skill level 1 in Bows
   805 | D:2      | Reached skill level 1 in Crossbows
   805 | D:2      | Reached skill level 1 in Throwing
   805 | D:2      | Reached skill level 1 in Dodging
   805 | D:2      | Reached skill level 1 in Stealth
   805 | D:2      | Reached skill level 1 in Unarmed Combat
   805 | D:2      | Reached skill level 1 in Spellcasting
   805 | D:2      | Reached skill level 1 in Evocations
   816 | D:2      | Reached XP level 4. HP: 30/41 MP: 5/5
  1281 | D:2      | Reached skill level 1 in Conjurations
  1281 | D:2      | Reached skill level 1 in Hexes
  1281 | D:2      | Reached skill level 1 in Charms
  1281 | D:2      | Reached skill level 1 in Summonings
  1281 | D:2      | Reached skill level 1 in Necromancy
  1281 | D:2      | Reached skill level 1 in Translocations
  1281 | D:2      | Reached skill level 1 in Transmutations
  1281 | D:2      | Reached skill level 1 in Fire Magic
  1281 | D:2      | Reached skill level 1 in Ice Magic
  1281 | D:2      | Reached skill level 1 in Air Magic
  1281 | D:2      | Reached skill level 1 in Earth Magic
  1281 | D:2      | Reached skill level 1 in Poison Magic
  1392 | D:2      | Reached XP level 5. HP: 34/47 MP: 6/6
  1854 | D:3      | Reached XP level 6. HP: 42/53 MP: 8/8
  2153 | D:4      | Reached skill level 5 in Maces & Flails
  2225 | D:4      | Reached XP level 7. HP: 36/59 MP: 10/10
  2871 | D:4      | Got a polished hand axe
  2875 | D:4      | Identified the +2 hand axe of Mayhem {vorpal, Stlth+} (You
                  | found it on level 4 of the Dungeon)
  3509 | D:4      | Reached XP level 8. HP: 45/67 MP: 12/12
  3859 | D:4      | Found a sacrificial altar of Ru.
  3972 | D:5      | Entered Level 5 of the Dungeon
  5458 | D:6      | HP: 3/67 [orc priest/divine providence (10)]
  5458 | D:6      | Mangled by an orc warrior

Levels and vault maps discovered:
D:1:      dpeg_arrival_chase, layout_basic
D:2:      layout_loops_corners
D:3:      layout_basic
D:4:      layout_gridville, nicolae_ru_path_of_blood
D:5:      layout_loops_corners, first_ration
D:6:      layout_loops_ring, minmay_misc_feat_nine_boxes, uniq_duvessa

Skill      XL: |  1  2  3  4  5  6  7  8 |
---------------+-------------------------+-----
Invocations    | 1 2 3 |  3.9
Short Blades   | 1 2 3 |  3.5
Long Blades    | 1 2 3 |  3.5
Axes           | 1 2 3 |  3.5
Polearms       | 1 2 3 |  3.5
Staves         | 1 2 3 |  3.5
Slings         | 1 2 3 |  3.5
Bows           | 1 2 3 |  3.5
Crossbows      | 1 2 3 |  3.5
Throwing       | 1 2 3 |  3.5
Dodging        | 1 2 3 |  3.5
Stealth        | 1 2 3 |  3.5
Unarmed Combat | 1 2 3 |  3.5
Spellcasting   | 1 2 3 |  3.5
Evocations     | 1 2 3 |  3.5
Conjurations   | 1 2 |  2.9
Hexes          | 1 2 |  2.9
Charms         | 1 2 |  2.9
Summonings     | 1 2 |  2.9
Necromancy     | 1 2 |  2.9
Translocations | 1 2 |  2.9
Transmutations | 1 2 |  2.9
Fire Magic     | 1 2 |  2.9
Ice Magic      | 1 2 |  2.9
Air Magic      | 1 2 |  2.9
Earth Magic    | 1 2 |  2.9
Poison Magic   | 1 2 |  2.9
Maces & Flails | 5 |  5.8
Fighting       | 7 |  7.5
Armour         | 7 |  7.5
Shields        | 7 |  7.5

Action                   |  1- 3 |  4- 6 |  7- 9 || total
-------------------------+-------+-------+-------++-------
Melee: Flail             |    24 |       |       ||    24
       Bite              |    11 |    43 |    29 ||    83
       Whip              |    33 |       |       ||    33
       Short sword       |    54 |   266 |    64 ||   384
       Hand axe          |       |       |   193 ||   193
  Use: Potion            |       |       |     1 ||     1
  Eat: Chunk             |       |     5 |     3 ||     8
       Ration            |       |       |     2 ||     2
Armor: Scale mail        |    34 |    34 |       ||    68
       Plate armour      |       |    30 |   124 ||   154
Dodge: Dodged            |    23 |    48 |    20 ||    91
Block: Kite shield       |    58 |   118 |    64 ||   240
       Tower shield      |       |       |    65 ||    65

Table legend:
 A = Non-vault XP
 B = Vault XP
 C = Vault XP percentage of total XP
 D = Non-vault monster count
 E = Vault monster count
 F = Vault count percentage of total count
                 A         B        C        D         E       F
            +---------+---------+-------+---------+---------+-------
      Total |    2121 |       0 |   0.0 |     136 |       0 |   0.0
            +---------+---------+-------+---------+---------+-------
        D:1 |      51 |       0 |   0.0 |      29 |       0 |   0.0
        D:2 |     141 |       0 |   0.0 |      36 |       0 |   0.0
        D:3 |     179 |       0 |   0.0 |      23 |       0 |   0.0
        D:4 |    1050 |       0 |   0.0 |      35 |       0 |   0.0
        D:5 |     433 |       0 |   0.0 |       8 |       0 |   0.0
        D:6 |     267 |       0 |   0.0 |       5 |       0 |   0.0
            +---------+---------+-------+---------+---------+-------
